[Event "Team 45 45 League T38"]
[Site "Internet Chess Club"]
[Date "2008.08.23"]
[Round "5"]
[White "Paulkov"]
[Black "wonderboy"]
[Result "0-1"]
[WhiteElo "1848"]
[BlackElo "1931"]
[Opening "Ruy Lopez: Anderssen variation"]
[ECO "C77"]
[Time "13:03:05"]
[TimeControl "2700+45"]

1. e4 e5 2. Nf3 Nc6 3. Bb5 a6 4. Ba4 Nf6 5. d3 b5 6. Bb3 Bc5 7. c3 O-O 8. O-O d6
9. Bg5 h6 10. Bh4 Qe7 11. Bd5 Bd7 12. b4 Bb6 13. a4 Rab8 14. axb5 axb5 15. Nbd2
Nd8 16. Qe2 Ne6 17. Bxe6 fxe6 18. d4 exd4 19. e5 dxe5 20. Nxe5 Be8 21. cxd4 Bxd4
22. Rab1 g5 23. Bg3 Nd5 24. Ne4 Qg7 25. Nd3 Bg6 26. Nec5 Nc3 27. Qxe6+ Bf7 28.
Qc6 Nxb1 29. Rxb1 Bg6 30. Ne6 Qf6 31. Nxd4 Bxd3 32. Qxf6 Rxf6 33. Rc1 Rd8 34.
Be5 Ra6 35. f3 Bc4 36. Kf2 Ra2+ 37. Kg3 h5 38. f4 h4+ 39. Kh3 gxf4 40. Nf3 Rd3
41. Bxf4 Be6+ 42. Kxh4 Rxg2 43. Rg1 Rxg1 44. Nxg1 Rd4 45. Ne2 Rxb4 46. Kg5 c5
47. Bd6 Rc4 48. Nf4 Kf7 49. h4 b4 50. Nd3 Rg4+ 51. Kh5 Rd4 52. Nb2 Rxd6 {White
resigns} 0-1

[Event "Team 45 45 League T38"]
[Site "Internet Chess Club"]
[Date "2008.08.23"]
[Round "5"]
[White "Mitch99"]
[Black "JimGrange"]
[Result "0-1"]
[WhiteElo "1715"]
[BlackElo "1827"]
[Opening "Ruy Lopez: closed defense"]
[ECO "C84"]
[Time "09:00:04"]
[TimeControl "2700+45"]

1. e4 e5 2. Nf3 Nc6 3. Bb5 a6 4. Ba4 Nf6 5. O-O Be7 6. c3 Nxe4 7. Re1 Nc5 8. Bc2
d6 9. d4 exd4 10. cxd4 Nd7 11. Ng5 Nf6 12. d5 Ne5 13. Bf4 O-O 14. Bxe5 dxe5 15.
Rxe5 Bd6 16. Re2 Bxh2+ 17. Kf1 Bf4 18. Nf3 Qxd5 19. Nc3 Qh5 20. Ng1 Qh1 {White
resigns} 0-1

[Event "Team 45 45 League T38"]
[Site "Internet Chess Club"]
[Date "2008.08.25"]
[Round "5"]
[White "upsan"]
[Black "Brechstange"]
[Result "0-1"]
[WhiteElo "1885"]
[BlackElo "1875"]
[Opening "Scotch game"]
[ECO "C45"]
[Time "09:03:18"]
[TimeControl "2700+45"]

1. e4 e5 2. Nf3 Nc6 3. d4 exd4 4. Nxd4 Bc5 5. Be3 Qf6 6. c3 Nge7 7. Bc4 Ne5 8.
Be2 N5g6 9. O-O d5 10. Nb5 Qb6 11. Bxc5 Qxc5 12. exd5 Bd7 13. b4 Qb6 14. Nxc7+
Qxc7 15. d6 Qb6 16. dxe7 Nxe7 17. Qd4 Qxd4 18. cxd4 Nc6 19. Rd1 Nxb4 20. Nc3 Rc8
21. Nb5 Rc2 22. Re1 Kd8 23. Nd6 Kc7 24. Nxf7 Re8 25. Ne5 Nxa2 26. Bd3 Rd2 27.
Rad1 Rxd1 28. Rxd1 Nb4 29. Bxh7 Ba4 30. Rc1+ Kb6 31. Nc4+ Ka6 32. Ne3 Bc6 33. h3
b5 34. Rb1 Ka5 35. Kf1 Rd8 36. Rd1 Nd5 37. Bc2 Kb4 38. Bd3 a6 39. Rc1 Nxe3+ 40.
fxe3 Rf8+ 41. Kg1 Rf6 42. e4 Be8 43. d5 a5 44. Rc7 a4 45. Rxg7 Kc3 46. Rg3 Kd4
47. Bb1 b4 48. Rd3+ Ke5 49. g4 b3 50. g5 Rb6 51. Kf2 a3 52. d6 a2 53. Rd5+ Ke6
54. Bxa2 bxa2 55. Ra5 Rb2+ 56. Ke3 Kxd6 57. e5+ Ke6 58. Kf4 Rb4+ 59. Kg3 Ra4
{White resigns} 0-1

[Event "Team 45 45 League T38"]
[Site "Internet Chess Club"]
[Date "2008.08.24"]
[Round "5"]
[White "Avedldesierto"]
[Black "qs16"]
[Result "0-1"]
[WhiteElo "1810"]
[BlackElo "1800"]
[Opening "Sicilian defense"]
[ECO "B20"]
[Time "10:30:31"]
[TimeControl "2700+45"]

1. e4 c5 2. Bc4 d6 3. f4 Nc6 4. Nf3 e6 5. d4 cxd4 6. Nxd4 Be7 7. Bb5 Bd7 8. Nc3
Nf6 9. Bxc6 bxc6 10. e5 dxe5 11. fxe5 Nd5 12. Qf3 O-O 13. O-O Rb8 14. Kh1 Qc7
15. Qg3 Nxc3 16. Bh6 g6 17. Bxf8 Rxf8 18. bxc3 c5 19. Nf3 Qa5 20. Qe1 Qa4 21.
Qd2 Bc6 22. Ne1 Qc4 23. Rf4 Qb5 24. Nd3 a5 25. a4 Qa6 26. Qf2 Qb6 27. Rf1 Be8
28. Rc4 Qc7 29. Rb1 Bc6 30. Nxc5 Qxe5 31. Re1 Qd5 32. Ree4 Bxc5 33. Qxc5 Qd1+
34. Qg1 Qxg1+ 35. Kxg1 Bxe4 36. Rxe4 Rc8 37. c4 Kf8 38. Kf2 Ke7 39. Ke3 f5 40.
Rh4 h5 41. Kd4 Kd6 42. Rh3 e5+ 43. Kc3 Kc5 44. Rg3 Rc6 45. Rd3 Rd6 46. g3 e4 47.
Rxd6 Kxd6 48. Kd4 g5 49. c3 Kc6 50. c5 Kc7 51. h3 Kd7 52. Ke3 Kc7 53. Kd4 Kc6
54. c4 g4 55. h4 Kd7 56. Ke3 Kc7 57. Kf4 Kc6 58. Kxf5 e3 59. Kg5 e2 60. Kxh5
e1=Q 61. Kxg4 Qd1+ 62. Kg5 Qxa4 63. g4 Qxc4 64. h5 Qxc5+ 65. Kg6 Qd6+ 66. Kf5
Qf8+ 67. Kg6 Qg8+ 68. Kf5 a4 69. g5 a3 70. h6 a2 71. g6 a1=Q 72. h7 Qxh7 73.
gxh7 Qg7 {White resigns} 0-1

[Event "Team 45 45 League T38"]
[Site "Internet Chess Club"]
[Date "2008.08.25"]
[Round "5"]
[White "oldsj"]
[Black "catrasca"]
[Result "0-1"]
[WhiteElo "1560"]
[BlackElo "1705"]
[Opening "French: exchange variation"]
[ECO "C01"]
[Time "18:00:13"]
[TimeControl "2700+45"]

1. e4 e6 2. d4 d5 3. exd5 exd5 4. c4 Nf6 5. Nc3 Be7 6. Nf3 O-O 7. Be2 c6 8. O-O
Bg4 9. Ne5 Bxe2 10. Qxe2 Nbd7 11. Bf4 dxc4 12. Nxc4 Re8 13. Qd2 Nf8 14. Ne5 Bd6
15. Rfe1 Nh5 16. Nd3 Nxf4 17. Nxf4 Rxe1+ 18. Rxe1 Bxf4 19. Qxf4 Ne6 20. Qe3 Qxd4
21. Qxd4 Nxd4 22. Re7 Rb8 23. Kf1 Kf8 24. Rd7 Ne6 25. Ne4 Ke8 26. Rxb7 Rxb7 27.
Nd6+ Kd7 28. Nxb7 Nf4 29. Nc5+ Kc7 30. g3 Nd5 31. a3 Nb6 32. b3 h6 33. Ke2 Kd6
34. Nd3 Nd5 35. Kd2 Nf6 36. f3 Nd5 37. h4 g5 38. hxg5 hxg5 39. g4 f6 40. b4 Nb6
41. Kc3 Nd7 42. Kd4 Nb6 43. Nc5 Nd5 44. Nd3 Nc7 45. Nc5 Nb5+ 46. Ke4 Nxa3 47.
Kf5 Nc2 48. Nd3 Ke7 49. Ke4 Kd6 50. Kf5 Nd4+ 51. Ke4 Nb3 52. Nc5 Nxc5+ 53. bxc5+
Ke6 54. Kd4 a5 55. Kc4 Ke5 56. Kb3 Kd5 {White resigns} 0-1

[Event "Team 45 45 League T38"]
[Site "Internet Chess Club"]
[Date "2008.08.24"]
[Round "5"]
[White "RandyPCC"]
[Black "Solfege"]
[Result "0-1"]
[WhiteElo "1715"]
[BlackElo "1908"]
[Opening "Queen's pawn: Keres defense"]
[ECO "E12"]
[Time "14:00:30"]
[TimeControl "2700+45"]

1. d4 e6 2. c4 b6 3. Nc3 Bb7 4. Nf3 Nf6 5. e3 d5 6. Bd2 Bd6 7. Rc1 O-O 8. cxd5
exd5 9. Bd3 c6 10. O-O Re8 11. Qc2 Qe7 12. Rfe1 Ne4 13. Ne2 Nd7 14. Bc3 Ndf6 15.
Ng3 Qe6 16. Bxe4 dxe4 17. Ne5 Qxa2 18. Nxe4 Nxe4 19. Qxe4 f6 20. Red1 Qe6 21. f4
a5 22. Rd2 Bb4 23. f5 Qe7 24. g4 Bxc3 25. Rxc3 fxe5 26. dxe5 Qxe5 27. Qc4+ Kf8
28. Rd7 Re7 29. Rcd3 Ba6 30. Rd8+ Re8 31. Rxe8+ Qxe8 {White resigns} 0-1

[Event "Team 45 45 League T38"]
[Site "Internet Chess Club"]
[Date "2008.08.24"]
[Round "5"]
[White "Karpyan"]
[Black "tenor"]
[Result "1-0"]
[WhiteElo "1913"]
[BlackElo "1739"]
[Opening "Grünfeld: Stockholm variation"]
[ECO "D80"]
[Time "14:00:21"]
[TimeControl "2700+45"]

1. d4 Nf6 2. c4 g6 3. Nc3 d5 4. Bg5 Bg7 5. Bxf6 Bxf6 6. Nxd5 Bg7 7. e3 O-O 8.
Nf3 c5 9. Be2 Nc6 10. O-O e6 11. Nc3 cxd4 12. exd4 Nxd4 13. Nxd4 Qxd4 14. Qc2 a6
15. Rfd1 Qb6 16. Bf3 Qc7 17. Qb3 Rb8 18. Rac1 Bd7 19. c5 Bc6 20. Bxc6 Qxc6 21.
Na4 Rfd8 22. Qc2 b5 23. Rxd8+ Rxd8 24. Nb6 Bh6 25. Re1 Rb8 26. Qd3 Qc7 27. Rd1
Bf8 28. b4 Be7 29. g3 Rd8 30. Qe2 Rxd1+ 31. Qxd1 Qd8 32. Qf3 Qd2 33. a3 Kg7 34.
Qb7 Bxc5 35. bxc5 Qc1+ 36. Kg2 Qxc5 37. Qxa6 Qc6+ 38. Kh3 h5 39. Qa7 g5 40. Nd7
Qh1 41. Qd4+ Kg8 42. Nf6+ Kf8 43. Nh7+ Kg8 44. Nxg5 {Black resigns} 1-0

[Event "Team 45 45 League T38"]
[Site "Internet Chess Club"]
[Date "2008.08.23"]
[Round "5"]
[White "siddhu"]
[Black "Rainbird"]
[Result "0-1"]
[WhiteElo "1799"]
[BlackElo "1796"]
[Opening "Ruy Lopez: closed, Chigorin defense"]
[ECO "C97"]
[Time "16:00:12"]
[TimeControl "2700+45"]

1. e4 e5 2. Nf3 Nc6 3. Bb5 a6 4. Ba4 Nf6 5. O-O Be7 6. Re1 b5 7. Bb3 d6 8. c3
O-O 9. h3 Na5 10. Bc2 c5 11. d4 Qc7 12. Be3 Nc4 13. b3 Nxe3 14. Rxe3 cxd4 15.
cxd4 exd4 16. Nxd4 Bb7 17. Rc3 Qb6 18. Nf5 Rfe8 19. Qd3 Nxe4 20. Qe2 Nxc3 21.
Nxc3 Bf6 22. Qd3 Qc6 23. Qg3 Qxg2+ 24. Qxg2 Bxg2 25. Kxg2 Bxc3 26. Rd1 {White
resigns} 0-1

[Event "Team 45 45 League T38"]
[Site "Internet Chess Club"]
[Date "2008.08.23"]
[Round "5"]
[White "RealChosenOne"]
[Black "GolfSuper"]
[Result "1/2-1/2"]
[WhiteElo "1709"]
[BlackElo "1594"]
[Opening "Sicilian: Najdorf, Byrne (English) attack"]
[ECO "B90"]
[Time "11:00:42"]
[TimeControl "2700+45"]

1. e4 c5 2. Nf3 d6 3. d4 cxd4 4. Nxd4 Nf6 5. Nc3 a6 6. Be3 e5 7. Nb3 Be6 8. f3
Be7 9. Qd2 Nbd7 10. g4 b5 11. a4 bxa4 12. Rxa4 Nb6 13. Rxa6 Nc4 14. Rxa8 Qxa8
15. Bxc4 Bxc4 16. Kf2 O-O 17. Ra1 Qc8 18. Na5 Be6 19. h3 Rd8 20. Nd5 Nxd5 21.
exd5 Bd7 22. c4 Bh4+ 23. Kg2 f5 24. Bg5 Bxg5 25. Qxg5 Rf8 26. b4 fxg4 27. hxg4
Qe8 28. Re1 Qf7 29. Qe3 Qg6 30. Qe4 Qg5 31. Qe3 Qf6 32. b5 Ra8 33. Nc6 Qh4 34.
Qf2 Qg5 35. Qe3 Qh4 36. Qf2 Qg5 37. Qe3 Qh4 {Game drawn by repetition} 1/2-1/2

[Event "Team 45 45 League T38"]
[Site "Internet Chess Club"]
[Date "2008.08.23"]
[Round "5"]
[White "Berkshires"]
[Black "alaskauk"]
[Result "0-1"]
[WhiteElo "1423"]
[BlackElo "1522"]
[Opening "Ruy Lopez: 5.O-O"]
[ECO "C78"]
[Time "12:31:05"]
[TimeControl "2700+45"]

1. e4 e5 2. Nf3 Nc6 3. Bb5 a6 4. Ba4 Nf6 5. O-O b5 6. Bb3 Bc5 7. c3 Nxe4 8. d4
Bd6 9. Re1 Nf6 10. dxe5 Nxe5 11. Nxe5 O-O 12. Nf3 Bb7 13. Bg5 h6 14. Bh4 Be7 15.
Bg3 Re8 16. Nbd2 c5 17. Bc2 Qb6 18. Ne4 Bxe4 19. Bxe4 Rad8 20. Bc2 c4 21. Nd4
Bc5 22. Rxe8+ Rxe8 23. Qd2 Kf8 24. Kf1 b4 25. Re1 Rxe1+ 26. Kxe1 bxc3 27. bxc3
Nd5 28. Kf1 Qb2 29. Nf3 Nf6 30. Bd6+ Bxd6 31. Qxd6+ Ke8 32. Qd2 Qxa2 33. Bf5
Qa1+ 34. Ke2 a5 35. Ne5 Qa4 36. Ke3 Qb5 37. Bxd7+ Nxd7 38. Nxd7 Qg5+ 39. Ke2
Qg4+ 40. Ke1 Qe6+ 41. Qe2 Qxe2+ 42. Kxe2 Kxd7 43. Ke3 Kc6 44. f4 Kd5 45. g3 a4
46. Kd2 Ke4 47. Kc2 a3 48. h3 a2 49. Kb2 Kd3 50. Kxa2 Kxc3 51. Kb1 Kd2 52. g4 c3
53. h4 c2+ 54. Ka2 c1=Q 55. f5 Qc4+ 56. Kb2 Qb4+ 57. Ka2 Kc2 58. g5 Qa4# {White
checkmated} 0-1

[Event "Team 45 45 League T38"]
[Site "Internet Chess Club"]
[Date "2008.08.25"]
[Round "5"]
[White "kingphisch"]
[Black "beerss"]
[Result "0-1"]
[WhiteElo "1417"]
[BlackElo "1451"]
[Opening "Caro-Kann: exchange, Rubinstein variation"]
[ECO "B13"]
[Time "12:00:36"]
[TimeControl "2700+45"]

1. e4 c6 2. d4 d5 3. exd5 cxd5 4. Bd3 Nf6 5. Bf4 Nc6 6. c3 e6 7. Nf3 Be7 8. Nbd2
Bd7 9. O-O Qb6 10. Qc2 h6 11. Ne5 Nxe5 12. Bxe5 Bd6 13. Nf3 Be7 14. Rfe1 O-O-O
15. c4 dxc4 16. Qxc4+ Bc6 17. b4 Qxb4 18. Qxb4 Bxb4 19. Rec1 Bd6 20. Bb5 Kd7 21.
Bxc6+ bxc6 22. Bxd6 Kxd6 23. Ne5 Rhf8 24. Nxc6 Ra8 25. Rab1 Nd5 26. Rb7 Rac8 27.
Rxa7 Rxc6 28. Rxc6+ Kxc6 29. Ra3 Kb5 30. Kf1 Kc4 31. Ra4+ Kd3 32. Ra3+ Kxd4 33.
Ke2 Ke5 34. g3 Kf6 35. Kd3 Nb4+ 36. Kc3 Nd5+ 37. Kd4 Rc8 38. Rf3+ Ke7 39. a4 Rc2
40. h4 Ra2 41. Kc4 Rxa4+ 42. Kb5 Rb4+ 43. Kc5 Rb2 44. Kc4 Rc2+ 45. Kb3 Rc7 46.
Ka4 Nc3+ 47. Kb4 Nd5+ 48. Kb3 Ra7 49. Kc4 Ra4+ 50. Kb5 Ra8 51. Kc4 Rc8+ 52. Kb3
Nf6 53. Rd3 Ne4 54. Rf3 Nd2+ {White resigns} 0-1

[Event "Team 45 45 League T38"]
[Site "Internet Chess Club"]
[Date "2008.08.26"]
[Round "5"]
[White "DaMelch"]
[Black "bajerk"]
[Result "0-1"]
[WhiteElo "1298"]
[BlackElo "1401"]
[Opening "KGA: bishop's gambit"]
[ECO "C33"]
[Time "12:02:40"]
[TimeControl "2700+45"]

1. e4 e5 2. f4 exf4 3. Bc4 d6 4. Nc3 Nf6 5. d4 Qe7 6. Bxf4 Nxe4 7. Nd5 Qd8 8.
Qe2 Bf5 9. Nf3 c6 10. Nc3 d5 11. Bd3 Bb4 12. O-O O-O 13. Nxe4 dxe4 14. Bxe4 Re8
15. Ne5 Qxd4+ 16. Kh1 Qxe4 17. Qxe4 Bxe4 18. Bg3 f6 19. Ng4 Nd7 20. Nf2 Bxc2
{White resigns} 0-1

[Event "Team 45 45 League T38"]
[Site "Internet Chess Club"]
[Date "2008.08.22"]
[Round "5"]
[White "otib2006"]
[Black "CoasterBrake"]
[Result "0-1"]
[WhiteElo "1246"]
[BlackElo "1233"]
[Opening "Caro-Kann: Hillbilly attack"]
[ECO "B10"]
[Time "09:03:22"]
[TimeControl "2700+45"]

1. e4 c6 2. Bc4 d5 3. exd5 cxd5 4. Bb3 e5 5. h3 Nf6 6. Nf3 Nc6 7. O-O Bc5 8. Re1
Ne4 9. Re2 O-O 10. d3 Nxf2 11. Rxf2 Bxf2+ 12. Kxf2 Re8 13. Bg5 Qd7 14. Nc3 h6
15. Bh4 e4 16. dxe4 dxe4 17. Qxd7 Bxd7 18. Nb5 Rab8 19. Bxf7+ Kxf7 20. Nd6+ Kg8
21. Nxe8 Rxe8 22. Rd1 exf3 23. Rxd7 Re2+ 24. Kxf3 Rxc2 25. Rxb7 Nd4+ 26. Ke4 Nc6
27. Rc7 Nb4 28. Rxc2 Nxc2 29. Bg3 Kf7 30. Kd5 Nb4+ 31. Kc5 Nxa2 32. Kb5 Ke6 33.
Ka6 Nb4+ 34. Kxa7 Kd5 35. Kb7 Ke6 36. Kb6 Nd3 37. b3 Kd5 38. Ka5 Kc5 39. Bh4 g5
40. Bg3 Kc6 41. b4 Nb2 42. b5+ Kb7 43. Kb4 Nd3+ 44. Kc4 Nc1 45. Kd5 Ne2 46. Bd6
Kb6 47. Ke5 Nf4 48. Kf6 Nxg2 49. Kg6 Nf4+ 50. Bxf4 gxf4 51. Kf5 f3 52. Kf4 f2
53. Kf3 f1=Q+ {White resigns} 0-1

[Event "Team 45 45 League T38"]
[Site "Internet Chess Club"]
[Date "2008.08.24"]
[Round "5"]
[White "GolfSuper"]
[Black "werty"]
[Result "1/2-1/2"]
[WhiteElo "1608"]
[BlackElo "1510"]
[Opening "French: Steinitz variation"]
[ECO "C11"]
[Time "16:00:29"]
[TimeControl "2700+45"]

1. e4 e6 2. d4 d5 3. Nc3 Nf6 4. e5 Nfd7 5. a3 c5 6. Nf3 Nc6 7. Be3 cxd4 8. Bxd4
Nxd4 9. Qxd4 Be7 10. Bd3 a6 11. O-O Qb6 12. Qxb6 Nxb6 13. Rfe1 Bd7 14. Nd2 O-O
15. Ne2 f6 16. Nf3 f5 17. Rab1 Nc4 18. Red1 b5 19. Ned4 g5 20. Bxc4 bxc4 21. c3
Kf7 22. Ne1 Rab8 23. Ra1 Rxb2 24. Nec2 Ba4 25. Rdc1 a5 26. Ne1 Rfb8 27. g3 g4
28. Ng2 h6 29. Nf4 Bd7 30. Kg2 {Game drawn by mutual agreement} 1/2-1/2

[Event "Team 45 45 League T38"]
[Site "Internet Chess Club"]
[Date "2008.08.21"]
[Round "5"]
[White "sdcohle"]
[Black "curtintime"]
[Result "1/2-1/2"]
[WhiteElo "1378"]
[BlackElo "1325"]
[Opening "Budapest: Adler variation"]
[ECO "A52"]
[Time "22:30:23"]
[TimeControl "2700+45"]

1. d4 Nf6 2. c4 e5 3. dxe5 Ng4 4. Nf3 Nc6 5. g3 Ngxe5 6. Nxe5 Nxe5 7. Bg2 Nxc4
8. O-O Be7 9. Qb3 d5 10. Rd1 c6 11. e4 Qb6 12. Qxb6 Nxb6 13. exd5 Nxd5 14. Bxd5
cxd5 15. Rxd5 O-O 16. Nc3 Re8 17. b3 Bf6 18. Bb2 Be6 19. Rd2 Bh3 20. Nd5 Bxb2
21. Rxb2 Re5 22. Nf4 Bf5 23. Rd2 g5 24. Ng2 Rae8 25. Ne3 Bh3 26. Nc2 a5 27. f3
Re2 28. Rad1 Bg2 29. Nd4 Rxd2 30. Rxd2 Bh3 31. Kf2 Rd8 32. g4 f5 33. Kg3 fxg4
34. fxg4 Bf1 35. Kf2 Bb5 36. Ke1 Bd7 37. h3 Re8+ 38. Re2 Rxe2+ 39. Kxe2 Kg7 40.
Kf3 Kg6 41. Kg3 h5 42. gxh5+ Kxh5 43. Nc2 Be6 44. Nd4 Bd7 45. Nc2 b5 46. Nd4 Kg6
47. Kf3 b4 48. Kg3 Kf6 49. h4 gxh4+ 50. Kxh4 Ke5 51. Nc2 Ke4 52. Kg3 Kd3 53.
Ne1+ Kc3 54. Kf3 Kb2 55. Nd3+ Kxa2 56. Nc5 Be8 57. Ke3 Bf7 58. Nb7 Kxb3 59.
Nxa5+ Ka4 60. Nc6 b3 61. Nd4 b2 62. Ne2 Kb3 63. Nd4+ Ka2 64. Ne2 Ka1 65. Nc3
b1=R 66. Nxb1 {Game drawn because neither player has mating material} 1/2-1/2

[Event "Team 45 45 League T38"]
[Site "Internet Chess Club"]
[Date "2008.08.26"]
[Round "5"]
[White "Prop"]
[Black "bjc"]
[Result "1-0"]
[WhiteElo "1336"]
[BlackElo "1302"]
[Opening "Sicilian defense"]
[ECO "B20"]
[Time "19:07:53"]
[TimeControl "2700+45"]

1. e4 c5 2. Bc4 Nc6 3. Nf3 e6 4. O-O a6 5. Nc3 d6 6. Be2 Nf6 7. Ng5 h6 8. Nf3 b5
9. d4 cxd4 10. Nxd4 Bb7 11. Nxc6 Bxc6 12. Bf3 Be7 13. Re1 O-O 14. b4 Nd7 15. Bb2
Ne5 16. Be2 Bf6 17. a4 Qe7 18. axb5 axb5 19. Bxb5 Bxb5 20. Nxb5 Nf3+ 21. Qxf3
Bxb2 22. Rxa8 Rxa8 23. g3 Be5 24. Qd3 Rb8 25. f4 Bb2 26. Rb1 Bf6 27. Nxd6 Qa7+
28. Kg2 Rd8 29. e5 Be7 30. c4 f5 31. c5 g5 32. Qb3 Qa8+ 33. Kf2 Qc8 34. Nxc8
{Black resigns} 1-0

[Event "Team 45 45 League T38"]
[Site "Internet Chess Club"]
[Date "2008.08.21"]
[Round "5"]
[White "pmatlock"]
[Black "mrmarck"]
[Result "1-0"]
[WhiteElo "1331"]
[BlackElo "1370"]
[Opening "Scandinavian defense"]
[ECO "B01"]
[Time "19:01:57"]
[TimeControl "2700+45"]

1. e4 d5 2. exd5 Nf6 3. Nc3 Nxd5 4. d4 e6 5. Nf3 Nc6 6. Bc4 Nxc3 7. bxc3 Be7 8.
O-O O-O 9. Bf4 b6 10. Qd2 Bb7 11. Rad1 Qc8 12. d5 Rd8 13. Ne5 Nxe5 14. Bxe5 Bxd5
15. Bd3 Qb7 16. f3 Bxa2 17. Qf4 Rd7 18. Bxh7+ Kxh7 19. Rxd7 Bc5+ 20. Kh1 Qa6 21.
Qe4+ {Black resigns} 1-0

[Event "Team 45 45 League T38"]
[Site "Internet Chess Club"]
[Date "2008.08.23"]
[Round "5"]
[White "Tomate"]
[Black "Heraclitus"]
[Result "1-0"]
[WhiteElo "1491"]
[BlackElo "1517"]
[Opening "Sicilian: Nimzovich-Rossolimo attack (without ...d6)"]
[ECO "B30"]
[Time "16:00:32"]
[TimeControl "2700+45"]

1. e4 c5 2. Nf3 Nc6 3. Bb5 d6 4. d4 cxd4 5. Nxd4 Bd7 6. O-O Nf6 7. Re1 a6 8.
Bxc6 Bxc6 9. e5 dxe5 10. Rxe5 Qb6 11. b3 e6 12. Be3 Qc7 13. Bf4 Bd6 14. Rxe6+
Be7 15. Bxc7 fxe6 16. Nxe6 Nd5 17. Nd2 Kd7 18. Qg4 Nxc7 19. Nxg7+ Kd8 20. Rd1
Nd5 21. Nf3 Kc7 22. Ne6+ Kb8 23. Nfd4 Bd7 24. c4 Nf6 25. Qf4+ Ka7 26. Qe3 b6 27.
Nc7 Rae8 28. Nxe8 Rxe8 29. Qg3 Kb7 30. Qf3+ Kc7 31. Nf5 Bc5 32. Qf4+ Kc8 33.
Nd6+ Bxd6 34. Qxd6 Re6 35. Qf8+ Kc7 36. c5 bxc5 37. Qxc5+ Kd8 38. Qf8+ Kc7 39.
Rc1+ Kb7 40. h3 Nd5 41. Qf7 Rd6 42. Qxh7 Kb6 43. Qe4 Bc6 44. Qd4+ Kb7 45. Qc5
Rg6 46. Qf8 Kb6 47. a4 a5 48. Qb8+ Ka6 49. Qc8+ Kb6 50. Qd8+ Kb7 51. Qxa5 Nc7
52. Qb4+ Ka7 53. g3 Nd5 54. Qd4+ Kb7 55. a5 Rd6 56. Qg7+ Ka6 57. Qf8 Rf6 58.
Qc8+ Bb7 59. Qd8 Kb5 60. b4 Bc6 61. Rc5+ Kxb4 62. Rxd5 Bxd5 63. Qxf6 Kc5 64. h4
Bc6 65. h5 Kb5 66. Qa1 Ka6 67. h6 Be4 68. Qe5 Bh7 69. f4 Bg8 70. f5 Bh7 71. f6
Bg6 72. Qc5 Kb7 73. a6+ Kxa6 74. Qf8 Kb7 75. f7 Kc7 76. Qe7+ Kc6 77. Qf6+ Kd7
78. Qxg6 Ke7 79. h7 Kf8 80. h8=Q+ Ke7 81. f8=Q+ Kd7 82. Qhg7# {Black checkmated}
1-0

[Event "Team 45 45 League T38"]
[Site "Internet Chess Club"]
[Date "2008.08.25"]
[Round "5"]
[White "mewsboy"]
[Black "katabatico"]
[Result "0-1"]
[WhiteElo "1463"]
[BlackElo "1362"]
[Opening "Caro-Kann: classical, 6.h4"]
[ECO "B18"]
[Time "12:00:10"]
[TimeControl "2700+45"]

1. e4 c6 2. d4 d5 3. Nc3 dxe4 4. Nxe4 Bf5 5. Ng3 Bg6 6. h4 h6 7. h5 Bh7 8. Nf3
Nd7 9. Bc4 Ngf6 10. Bf4 e6 11. Qe2 b5 12. Bxe6 fxe6 13. Qxe6+ Qe7 14. Qxe7+ Bxe7
15. O-O-O Nd5 16. Be5 O-O 17. Rhe1 Rae8 18. Ne4 Nxe5 19. dxe5 Bb4 20. c3 Be7 21.
Nd4 Bxe4 22. Rxe4 Bg5+ 23. Kb1 Nf6 24. exf6 Rxe4 25. fxg7 Rd8 26. Kc2 c5 27.
Nxb5 Re2+ {White resigns} 0-1

[Event "Team 45 45 League T38"]
[Site "Internet Chess Club"]
[Date "2008.08.21"]
[Round "5"]
[White "Visin"]
[Black "medsurg"]
[Result "1/2-1/2"]
[WhiteElo "1322"]
[BlackElo "1265"]
[Opening "Scotch game"]
[ECO "C45"]
[Time "16:00:04"]
[TimeControl "2700+45"]

1. e4 e5 2. Nf3 Nc6 3. d4 exd4 4. Nxd4 Nxd4 5. Qxd4 d6 6. Nc3 Qf6 7. Qd1 c6 8.
Bc4 Be6 9. Be2 Ne7 10. O-O Ng6 11. Bg4 Be7 12. Bxe6 Qxe6 13. f4 f5 14. Re1 O-O-O
15. a4 Qc4 16. Qe2 Qxe2 17. Rxe2 fxe4 18. Nxe4 d5 19. Ng5 Bxg5 20. fxg5 Rhe8 21.
Rxe8 Rxe8 22. Bd2 Re2 23. Bc3 Nh4 24. Bxg7 Rxg2+ 25. Kh1 Rxg5 26. Bf6 Rg4 27.
Bxh4 Rxh4 28. b3 Re4 29. Rg1 Kd7 30. Rg7+ Re7 31. Rg1 a5 32. Rd1 Re2 33. c4 Kd6
34. cxd5 cxd5 35. Rd3 Re4 36. Rh3 Re7 37. Kg2 Kc5 38. Kf2 b5 39. axb5 Kxb5 40.
Rd3 Rd7 41. Ke2 d4 42. Kd2 Kb4 43. Rh3 d3 44. Rh5 Kxb3 45. Rxa5 Kc4 46. Ra4+ Kb3
47. Rh4 Rc7 48. Kxd3 Rc3+ 49. Ke2 Rc2+ 50. Kf3 Rc3+ 51. Kg4 Rc4+ 52. Kg5 Rxh4
53. Kxh4 Kc4 54. Kh5 Kd5 55. h4 Ke6 56. Kh6 Kf7 57. Kxh7 Kf8 58. h5 Kf7 59. h6
Kf8 60. Kg6 Kg8 61. h7+ Kh8 62. Kh6 {Black stalemated} 1/2-1/2

[Event "Team 45 45 League T38"]
[Site "Internet Chess Club"]
[Date "2008.08.24"]
[Round "5"]
[White "cobra2008"]
[Black "betto2506"]
[Result "0-1"]
[WhiteElo "1310"]
[BlackElo "1402"]
[Opening "Ponziani opening"]
[ECO "C44"]
[Time "14:00:14"]
[TimeControl "2700+45"]

1. e4 e5 2. Nf3 Nc6 3. c3 d6 4. Be2 Nf6 5. d3 Be7 6. a3 Be6 7. Ng5 h6 8. Nxe6
fxe6 9. Nd2 a6 10. Bh5+ Nxh5 11. Qxh5+ Kd7 12. Qg6 Qf8 13. Nf3 Qf6 14. Qh5 g6
15. Qh3 g5 16. Qh5 b5 17. b4 Raf8 18. O-O Qf7 19. Qh3 Qg7 20. Ne1 g4 21. Qg3 h5
22. f3 h4 23. Qf2 g3 24. Qe2 Bg5 25. Bxg5 Qxg5 26. a4 Qf4 27. h3 Ra8 28. a5 Ne7
29. Nc2 Ng6 30. Ne3 Qf7 31. Ng4 Nf4 32. Qe3 Rac8 33. Rae1 Ke7 34. Rd1 Ra8 35.
Rfe1 Qe8 36. Qc1 Qb8 37. d4 c6 38. dxe5 dxe5 39. Qe3 Qc7 40. Qc5+ Ke8 41. Nxe5
Qa7 42. Qxa7 Rxa7 43. Nxc6 Rd7 44. Rxd7 Kxd7 45. Ne5+ Ke7 46. Nc6+ Kd7 47. Nd4
Rc8 48. Ne2 Nxe2+ 49. Rxe2 Rxc3 50. Rd2+ Ke7 51. Rd1 Rb3 52. Ra1 Rxb4 53. Kf1
Rb2 54. Rc1 Rf2+ 55. Kg1 Ra2 56. Rc7+ Kf6 57. Rc1 Rxa5 58. Kf1 Ra2 59. Rc6 a5
60. f4 Rf2+ 61. Ke1 Rxf4 62. Ke2 Rxe4+ 63. Kf3 Rb4 64. Rc8 a4 65. Rf8+ Ke5 66.
Rh8 a3 67. Rxh4 Rxh4 68. Kxg3 Rxh3+ 69. gxh3 a2 70. h4 a1=Q 71. h5 Kf5 72. h6
Qg1+ 73. Kf3 Qg4+ 74. Ke3 Qg5+ 75. Kd4 Qxh6 76. Kc5 Qc1+ 77. Kxb5 Ke5 78. Kb6
Kd6 79. Kb5 Qc5+ 80. Ka4 Qb6 81. Ka3 Kc5 82. Ka2 Kc4 83. Ka1 Kc3 84. Ka2 Qb2#
{White checkmated} 0-1

[Event "Team 45 45 League T38"]
[Site "Internet Chess Club"]
[Date "2008.08.24"]
[Round "5"]
[White "menorca"]
[Black "akdog3"]
[Result "0-1"]
[WhiteElo "2109"]
[BlackElo "2235"]
[Opening "Nimzo-Indian: Kmoch variation"]
[ECO "E20"]
[Time "12:00:22"]
[TimeControl "2700+45"]

1. d4 Nf6 2. c4 e6 3. Nc3 Bb4 4. f3 O-O 5. Qc2 Nc6 6. e3 d5 7. cxd5 exd5 8. Bd3
Re8 9. Ne2 Bf8 10. a3 g6 11. O-O Bh6 12. f4 Ne7 13. e4 dxe4 14. Nxe4 Nxe4 15.
Bxe4 Nf5 16. Kh1 Bg7 17. d5 Bd7 18. Bd2 Bb5 19. Bd3 Qxd5 20. Bxb5 Qxb5 21. Nc3
Qc4 22. Rfe1 Nd4 23. Rxe8+ Rxe8 24. Qa4 Qxa4 25. Nxa4 Nb3 26. Re1 Rxe1+ 27. Bxe1
b5 28. Nc3 c6 29. Kg1 Nc5 30. Bf2 Nd3 31. Bxa7 Nxb2 32. Nb1 f5 33. Bc5 Kf7 34.
Kf1 Ke6 35. Ke2 Kd5 36. Be7 Na4 37. Nd2 Bb2 38. Kd3 c5 39. Nb1 c4+ 40. Kc2 Bd4
41. Nd2 Be3 42. Bg5 Bc5 43. Nb1 Bd6 44. g3 Bc5 45. Bf6 Bg1 46. h3 h5 47. Nd2 Bf2
48. Bh4 Bc5 49. Nf3 Bxa3 50. Bf6 Bc5 51. Nh4 Bf2 52. Nxg6 Bxg3 53. Be5 Ke4 54.
Kb1 b4 55. Ka2 Kd3 56. Ne7 Kc2 57. Nxf5 Bf2 58. Nd6 c3 59. Nc4 b3+ 60. Ka3 Nb6
61. Nxb6 Bxb6 {White resigns} 0-1